MLB
COLORADO ROCKIES @ CINCINNATI REDS
10/17/2098
 
TOP OF THE 1ST
Colorado Rockies batting - Pitching for Cincinnati Reds : LHP Matt Bell
Pitching: LHP Matt Bell
Batting: SHB Brian Hatcher 0-0: Swinging Strike
0-1: Ball
1-1: Ball
2-1: Ball
3-1: Swinging Strike
3-2: Foul Ball, location: 3F
3-2: DOUBLE (Line Drive, 9LM, EV 103.1 MPH)
Batting: RHB Mike Woodard 0-0: Ball
1-0: Ball
2-0: Ball
3-0: Called Strike
3-1: Base on Balls
Batting: RHB Kosuke Sakai 0-0: Ball
1-0: Ball
2-0: Ball
3-0: Called Strike
3-1: SINGLE (Flyball, 34D, EV 98.1 MPH)
Brian Hatcher to third
Mike Woodard to second
Batting: RHB Tony Thomas 0-0: Foul Ball, location: 3SF
0-1: Ball
1-1: Ball
2-1: Foul Ball, location: 5F
2-2: Foul Ball, location: 9LDF
2-2: Strikes out swinging
Batting: LHB Jim Davis 0-0: Called Strike
0-1: Ball
1-1: Called Strike
1-2: Ball
2-2: Foul Ball, location: 7LSF
2-2: Ball
3-2: Base on Balls
Brian Hatcher scores
Mike Woodard to third
Kosuke Sakai to second
Batting: LHB Glenn Sewell 0-0: Swinging Strike
0-1: Foul Ball, location: 25F
0-2: Ball
1-2: Strikes out swinging
Batting: RHB Orlando Serrano 0-0: Called Strike
0-1: Foul Ball, location: 2F
0-2: Strikes out looking
Top of the 1st over - 1 run, 2 hits, 0 errors, 3 left on base; Colorado 1 - Cincinnati 0
BOTTOM OF THE 1ST
Cincinnati Reds batting - Pitching for Colorado Rockies : RHP Doug Craig
Pitching: RHP Doug Craig
Batting: LHB Jonathan Nelson 0-0: Foul Ball, location: 7LMF
0-1: Ball
1-1: Ball
2-1: Ball
3-1: Called Strike
3-2: Base on Balls
Batting: RHB Dave Truax 0-0: Ball
1-0: Foul Ball, location: 3F
1-1: Called Strike
1-2: Ball
2-2: Foul Ball, location: 23F
2-2: Ball
3-2: SINGLE (Line Drive, 56D, EV 98.1 MPH)
Jonathan Nelson to second
Batting: LHB Steve Carbone 0-0: Ball
1-0: Grounds into double play, 6-4-3 (Groundball, 56, EV 76.9 MPH)
Jonathan Nelson to third
Batting: RHB Tim Mercer 0-0: Ground out 5-3 (Groundball, 56, EV 102.5 MPH)
Bottom of the 1st over - 0 runs, 1 hit, 0 errors, 1 left on base; Colorado 1 - Cincinnati 0
TOP OF THE 2ND
Colorado Rockies batting - Pitching for Cincinnati Reds : LHP Matt Bell
Batting: LHB Mike Keatts 0-0: Foul Ball, location: 3FF
0-1: Swinging Strike
0-2: Strikes out swinging
Batting: LHB Jesus Pena 0-0: Called Strike
0-1: Ball
1-1: DOUBLE (Line Drive, 89D, EV 111.3 MPH)
Batting: SHB Brian Hatcher 0-0: Ball
1-0: Called Strike
1-1: Called Strike
1-2: Ball
2-2: Foul Ball, location: 2F
2-2: Ground out 4-3 (Groundball, 4, EV 76.9 MPH)
Jesus Pena to third
Batting: RHB Mike Woodard 0-0: Called Strike
0-1: Foul Ball, location: 9LDF
0-2: Ball
1-2: Ball
2-2: Ball
3-2: Ground out 6-3 (Groundball, 6, EV 103.1 MPH)
Top of the 2nd over - 0 runs, 1 hit, 0 errors, 1 left on base; Colorado 1 - Cincinnati 0
BOTTOM OF THE 2ND
Cincinnati Reds batting - Pitching for Colorado Rockies : RHP Doug Craig
Batting: RHB Earl Boivin 0-0: Swinging Strike
0-1: Called Strike
0-2: Ground out 4-3 (Groundball, 4, EV 85.6 MPH)
Batting: RHB Jamie Schexnider 0-0: Foul Ball, location: 23FF
0-1: Ball
1-1: Ball
2-1: Swinging Strike
2-2: Ball
3-2: Strikes out looking
Batting: SHB Jamie Moore 0-0: Ball
1-0: Foul Ball, location: 5SF
1-1: Swinging Strike
1-2: Ball
2-2: Foul Ball, location: 25FF
2-2: Strikes out swinging
Bottom of the 2nd over - 0 runs, 0 hits, 0 errors, 0 left on base; Colorado 1 - Cincinnati 0
TOP OF THE 3RD
Colorado Rockies batting - Pitching for Cincinnati Reds : LHP Matt Bell
Batting: RHB Kosuke Sakai 0-0: Ball
1-0: Ball
2-0: Ball
3-0: Swinging Strike
3-1: Called Strike
3-2: Strikes out swinging
Batting: RHB Tony Thomas 0-0: Foul Ball, location: 9LMF
0-1: Swinging Strike
0-2: Strikes out looking
Batting: LHB Jim Davis 0-0: Foul Ball, location: 9LSFF
0-1: Ground out 6-3 (Groundball, 6, EV 100.0 MPH)
Top of the 3rd over - 0 runs, 0 hits, 0 errors, 0 left on base; Colorado 1 - Cincinnati 0
BOTTOM OF THE 3RD
Cincinnati Reds batting - Pitching for Colorado Rockies : RHP Doug Craig
Batting: RHB Erik Schmidt 0-0: Swinging Strike
0-1: Swinging Strike
0-2: Strikes out swinging
Batting: RHB Ricky Correa 0-0: Ball
1-0: Ball
2-0: Ground out 5-3 (Groundball, 5L, EV 103.1 MPH)
Batting: LHB Jonathan Nelson 0-0: SINGLE (Line Drive, 4M, EV 95.0 MPH)
Batting: RHB Dave Truax 0-0: Ball
1-0: Foul Ball, location: 2F
1-1: Fly out, F4 (Popup, 4M, EV 65.0 MPH)
Bottom of the 3rd over - 0 runs, 1 hit, 0 errors, 1 left on base; Colorado 1 - Cincinnati 0
TOP OF THE 4TH
Colorado Rockies batting - Pitching for Cincinnati Reds : LHP Matt Bell
Batting: LHB Glenn Sewell 0-0: Foul Ball, location: 3FF
0-1: Foul Ball, location: 23F
0-2: Ball
1-2: Ball
2-2: Strikes out swinging
Batting: RHB Orlando Serrano 0-0: Ball
1-0: Foul Ball, location: 2RF
1-1: Called Strike
1-2: Foul Ball, location: 25F
1-2: Ball
2-2: Strikes out swinging
Batting: LHB Mike Keatts 0-0: Ball
1-0: Ground out 4-3 (Groundball, 4, EV 88.1 MPH)
Top of the 4th over - 0 runs, 0 hits, 0 errors, 0 left on base; Colorado 1 - Cincinnati 0
BOTTOM OF THE 4TH
Cincinnati Reds batting - Pitching for Colorado Rockies : RHP Doug Craig
Batting: LHB Steve Carbone 0-0: Ball
1-0: Swinging Strike
1-1: Ball
2-1: Ball
3-1: Base on Balls
Batting: RHB Tim Mercer 0-0: Ball
1-0: Foul Ball, location: 2F
1-1: Ball
2-1: Swinging Strike
2-2: Ball
3-2: Fly out, F3 (Popup, 3F, EV 62.5 MPH)
Batting: RHB Earl Boivin 0-0: Fielders Choice at 2nd, 6-4 (Groundball, 6, EV 83.8 MPH)
Batting: RHB Jamie Schexnider 0-0: Ball
1-0: Foul Ball, location: 5F
1-1: Called Strike
1-2: Foul Ball, location: 2F
1-2: Ball
2-2: Fly out, F7 (Flyball, 78M, EV 93.1 MPH)
Bottom of the 4th over - 0 runs, 0 hits, 0 errors, 1 left on base; Colorado 1 - Cincinnati 0
TOP OF THE 5TH
Colorado Rockies batting - Pitching for Cincinnati Reds : LHP Matt Bell
Pitching: RHP Israel Castillo
Batting: LHB Jesus Pena 0-0: Called Strike
0-1: Ball
1-1: Swinging Strike
1-2: Ball
2-2: SINGLE (Line Drive, 78M, EV 91.9 MPH)
Batting: SHB Brian Hatcher 0-0: Ball
Jesus Pena steals 2nd base
1-0: Foul Ball, location: 2F
1-1: Ball
2-1: Foul Ball, location: 2F
2-2: Foul Ball, location: 2F
2-2: Fly out, F2 (Popup, 2RF, EV 80.0 MPH)
Batting: RHB Mike Woodard 0-0: Called Strike
Jesus Pena steals 3rd base
0-1: Fly out, F7 (Flyball, 78D, EV 96.9 MPH)
Runner from 3rd tags up, SCORES, throw by LF
Batting: RHB Kosuke Sakai 0-0: Foul Ball, location: 2LF
0-1: Ball
1-1: Called Strike
1-2: Ball
2-2: Strikes out swinging
Top of the 5th over - 1 run, 1 hit, 0 errors, 0 left on base; Colorado 2 - Cincinnati 0
BOTTOM OF THE 5TH
Cincinnati Reds batting - Pitching for Colorado Rockies : RHP Doug Craig
Batting: SHB Jamie Moore 0-0: Ball
1-0: Ball
2-0: Foul Ball, location: 2F
2-1: Swinging Strike
2-2: Strikes out swinging
Batting: RHB Erik Schmidt 0-0: Called Strike
0-1: Ball
1-1: DOUBLE (Groundball, 5L, EV 106.3 MPH)
Batting: RHB Ricky Correa 0-0: Called Strike
0-1: Ball
1-1: Foul Ball, location: 2F
1-2: Ball
2-2: Foul Ball, location: 3SF
2-2: Fly out, F4 (Popup, 4D, EV 63.1 MPH)
Batting: LHB Jonathan Nelson 0-0: Foul Ball, location: 23FF
0-1: Ball
1-1: SINGLE (Line Drive, 3D, EV 100.0 MPH)
Erik Schmidt to third
Runner from 3rd tries for Home, SAFE, throw by RF to home
Batting: RHB Dave Truax 0-0: Called Strike
0-1: Foul Ball, location: 9LDF
0-2: Ball
1-2: Strikes out looking
Bottom of the 5th over - 1 run, 2 hits, 0 errors, 1 left on base; Colorado 2 - Cincinnati 1
TOP OF THE 6TH
Colorado Rockies batting - Pitching for Cincinnati Reds : RHP Israel Castillo
Batting: LHB Jeremy Papish 0-0: Called Strike
0-1: Ball
1-1: Foul Ball, location: 3DF
1-2: Strikes out looking
Pitching: LHP C.J. Williams
Batting: LHB Jim Davis 0-0: Ball
1-0: Ball
2-0: Swinging Strike
2-1: Called Strike
2-2: Foul Ball, location: 25FF
2-2: Strikes out looking
Batting: LHB Glenn Sewell 0-0: Called Strike
0-1: Ground out U3 (Groundball, 34, EV 83.8 MPH)
Top of the 6th over - 0 runs, 0 hits, 0 errors, 0 left on base; Colorado 2 - Cincinnati 1
BOTTOM OF THE 6TH
Cincinnati Reds batting - Pitching for Colorado Rockies : RHP Doug Craig
Batting: LHB Steve Carbone 0-0: Called Strike
0-1: Fly out, F8 (Flyball, 8LD, EV 90.0 MPH)
Batting: RHB Tim Mercer 0-0: Foul Ball, location: 9LDF
0-1: Foul Ball, location: 5F
0-2: Ball
1-2: Ball
2-2: Ground out 5-3 (Groundball, 56, EV 85.0 MPH)
Batting: RHB Earl Boivin 0-0: Called Strike
0-1: Called Strike
0-2: Strikes out swinging
Bottom of the 6th over - 0 runs, 0 hits, 0 errors, 0 left on base; Colorado 2 - Cincinnati 1
TOP OF THE 7TH
Colorado Rockies batting - Pitching for Cincinnati Reds : LHP C.J. Williams
Pitching: RHP Dustin Guerin
Batting: RHB Orlando Serrano 0-0: Ball
1-0: Swinging Strike
1-1: Ground out 5-3 (Groundball, 56, EV 88.8 MPH)
Batting: LHB Mike Keatts 0-0: Ball
1-0: Ball
2-0: Called Strike
2-1: Swinging Strike
2-2: Ground out 6-3 (Groundball, 6S, EV 82.5 MPH)
Batting: LHB Jesus Pena 0-0: Ball
1-0: Ball
2-0: Called Strike
2-1: Ground out 1-3 (Groundball, 34S, EV 71.3 MPH)
Top of the 7th over - 0 runs, 0 hits, 0 errors, 0 left on base; Colorado 2 - Cincinnati 1
BOTTOM OF THE 7TH
Cincinnati Reds batting - Pitching for Colorado Rockies : RHP Doug Craig
Batting: RHB Jamie Schexnider 0-0: Called Strike
0-1: Called Strike
0-2: Ball
1-2: Ball
2-2: Foul Ball, location: 9LDF
2-2: Ball
3-2: Foul Ball, location: 5F
3-2: Base on Balls
Pitching: RHP Rob Dillon
Batting: SHB Jamie Moore 0-0: Ball
1-0: Fly out, F9 (Line Drive, 89M, EV 88.1 MPH)
Batting: RHB Erik Schmidt 0-0: Called Strike
0-1: Ball
1-1: Called Strike
1-2: Strikes out looking
Batting: RHB Ricky Correa 0-0: Called Strike
Pickoff Throw to First - Out! 1-3
Bottom of the 7th over - 0 runs, 0 hits, 0 errors, 0 left on base; Colorado 2 - Cincinnati 1
TOP OF THE 8TH
Colorado Rockies batting - Pitching for Cincinnati Reds : RHP Dustin Guerin
Pitching: RHP Mike Yates
Batting: SHB Brian Hatcher 0-0: Ball
1-0: Ball
2-0: Ground out 4-3 (Groundball, 4, EV 107.5 MPH)
Batting: RHB Mike Woodard 0-0: Ball
1-0: Ball
2-0: SINGLE (Line Drive, 7S, EV 101.3 MPH)
Batting: RHB Kosuke Sakai 0-0: Called Strike
0-1: TRIPLE (Line Drive, 89XD, EV 103.8 MPH)
Mike Woodard scores
Batting: LHB Jeremy Papish 0-0: Ball
1-0: Ball
2-0: Called Strike
2-1: Foul Ball, location: 5F
2-2: Ball
3-2: Base on Balls
Batting: LHB Jim Davis 0-0: Ball
1-0: Called Strike
1-1: Called Strike
1-2: Ball
2-2: Foul Ball, location: 2F
2-2: Strikes out swinging
Batting: LHB Glenn Sewell 0-0: Ball
1-0: Called Strike
1-1: Ball
2-1: Ball
3-1: Called Strike
3-2: Foul Ball, location: 7LMF
3-2: SINGLE (Groundball, 4S, EV 71.9 MPH) (infield hit)
Kosuke Sakai scores
Jeremy Papish to second
Batting: RHB Orlando Serrano 0-0: Ball
1-0: Ball
2-0: Foul Ball, location: 25F
2-1: Ball
3-1: Foul Ball, location: 7LSF
3-2: Strikes out looking
Top of the 8th over - 2 runs, 3 hits, 0 errors, 2 left on base; Colorado 4 - Cincinnati 1
BOTTOM OF THE 8TH
Cincinnati Reds batting - Pitching for Colorado Rockies : RHP Rob Dillon
Batting: RHB Ricky Correa 0-0: Called Strike
0-1: Called Strike
0-2: Ground out 6-3 (Groundball, 6, EV 104.4 MPH)
Batting: LHB Jonathan Nelson 0-0: Ball
1-0: Foul Ball, location: 9LMF
1-1: Called Strike
1-2: Ball
2-2: Strikes out swinging
Batting: RHB Dave Truax 0-0: Ball
1-0: Foul Ball, location: 9LSF
1-1: Foul Ball, location: 2F
1-2: Ball
2-2: Foul Ball, location: 5FF
2-2: Strikes out swinging
Bottom of the 8th over - 0 runs, 0 hits, 0 errors, 0 left on base; Colorado 4 - Cincinnati 1
TOP OF THE 9TH
Colorado Rockies batting - Pitching for Cincinnati Reds : RHP Mike Yates
Batting: LHB Mike Keatts 0-0: Foul Ball, location: 3FF
0-1: Ground out 4-3 (Groundball, 4, EV 82.5 MPH)
Batting: LHB Jesus Pena 0-0: Foul Ball, location: 2F
0-1: Called Strike
0-2: Foul Ball, location: 2F
0-2: Ball
1-2: Ground out 6-3 (Groundball, 6M, EV 85.0 MPH)
Batting: SHB Brian Hatcher 0-0: SINGLE (Line Drive, 9S, EV 92.5 MPH)
Batting: RHB Mike Woodard 0-0: Called Strike
0-1: Ball
1-1: Called Strike
1-2: Strikes out swinging
Top of the 9th over - 0 runs, 1 hit, 0 errors, 1 left on base; Colorado 4 - Cincinnati 1
BOTTOM OF THE 9TH
Cincinnati Reds batting - Pitching for Colorado Rockies : RHP Rob Dillon
Pitching: RHP Ricky Aguilera
Batting: LHB Steve Carbone 0-0: Foul Ball, location: 23F
0-1: Fly out, F6 (Popup, P, EV 80.0 MPH)
Batting: RHB Tim Mercer 0-0: Ball
1-0: Fly out, F8 (Flyball, 89M, EV 88.1 MPH)
Batting: RHB Earl Boivin 0-0: Called Strike
0-1: Ball
1-1: Ball
2-1: Ball
3-1: DOUBLE (Line Drive, 3D, EV 99.4 MPH)
Batting: RHB Jamie Schexnider 0-0: Swinging Strike
0-1: Called Strike
0-2: Strikes out looking
Bottom of the 9th over - 0 runs, 1 hit, 0 errors, 1 left on base; Colorado 4 - Cincinnati 1
Wednesday, April 17th , 2024 - OOTP Baseball 24.11 Build 85